 Dungeon Crawl Stone Soup version 0.30-a0-364-gf6b3ef1049 (webtiles) character file.

Game seed: 14906941078095555030

16508 funkygono the Thaumaturge (level 12, -4/80 HPs)
             Began as a Demonspawn Fire Elementalist on Nov 14, 2022.
             Was an Elder of Vehumet.
             Slain by a slime creature (11 damage)
             ... on level 12 of the Dungeon.
             The game lasted 00:27:32 (12813 turns).

funkygono the Thaumaturge (DsFE)                   Turns: 12813, Time: 00:27:33

Health: -4/80      AC: 19    Str: 16    XL:     12   Next: 10%
Magic:  0/27       EV: 16    Int: 23    God:    Vehumet [****..]
Gold:   829        SH:  0    Dex: 13    Spells: 17/33 levels left

rFire   + . .      SeeInvis +    w - +6 flail (chaos)
rCold   . . .      Faith    .    (no shield)
rNeg    . . .      Spirit   +    G - +0 ring mail of Bila {rC+ Str+8 SInv Stlth-}
rPois   .          Reflect  .    f - +1 helmet
rElec   .          Harm     .    I - +1 cloak
rCorr   .          Rampage  .    (no gloves)
Will    .....                    (no boots)
Stlth   ..........               r - amulet of magic regeneration
HPRegen 0.33/turn                h - ring of fire
MPRegen 0.80/turn                E - +4 ring of evasion

@: about to teleport, sanguine armoured
A: powered by pain 1, magic shield, magic regeneration, sanguine armour 2,
demonic touch 2
a: Renounce Religion


You were on level 12 of the Dungeon.
You worshipped Vehumet.
Vehumet was greatly pleased with you.
You visited 2 branches of the dungeon, and saw 13 of its levels.

You collected 829 gold pieces.

Inventory:

Hand Weapons
 q - a +1 mace of protection
 w - a +6 flail of chaos (weapon)
Armour
 f - a +1 helmet (worn)
 g - the +0 cloak of the Locust {rF+ Str+2 Int+2}
   (You found it on level 10 of the Dungeon)

   Str:       It affects your strength (+2).
   Int:       It affects your intelligence (+2).
   rF:        It protects you from fire.
 o - +0 acid dragon scales
 u - a +1 robe of fire resistance
 G - the +0 ring mail of Bila (worn) {rC+ Str+8 SInv Stlth-}
   (You found it on level 7 of the Dungeon)

   Str:       It affects your strength (+8).
   rC:        It protects you from cold.
   SInv:      It lets you see invisible.
   Stlth:     It makes you less stealthy.
 I - a +1 cloak (worn)
 N - +0 steam dragon scales
Jewellery
 h - a ring of fire (left hand)
 r - an amulet of magic regeneration (around neck)
 E - a +4 ring of evasion (right hand)
 J - a ring of flight
 K - a ring of fire
Wands
 k - a wand of polymorph (11)
 n - a wand of iceblast (8)
 t - a wand of flame (33)
 B - a wand of mindburst (31)
 H - a wand of charming (14)
Scrolls
 e - 2 scrolls of blinking
 j - 7 scrolls of teleportation
 p - a scroll of enchant weapon
 D - 3 scrolls of identify
Potions
 b - a potion of magic
 c - a potion of ambrosia
 d - 8 potions of curing
 i - 2 potions of brilliance
 l - a potion of haste
 m - 3 potions of flight
 x - 3 potions of might
 L - a potion of cancellation
Miscellaneous
 a - a piece from Xom's chessboard (15/15)


   Skills:
 + Level 2.5 Fighting
 + Level 1.6 Maces & Flails
 + Level 4.8 Armour
 + Level 3.9 Dodging
 - Level 1.7 Stealth
 + Level 11.3 Spellcasting
 + Level 8.1 Conjurations
 + Level 10.9 Fire Magic
 + Level 1.3 Earth Magic


You had 17 spell levels left.
You knew the following spells:

 Your Spells              Type           Power      Damage    Failure   Level
a - Foxfire               Conj/Fire      100%       2x1d9     1%          1
b - Scorch                Fire           100%       2d10      1%          2
c - Kindle Blastsparks    Fire/Tloc/Air  88%        2d17      1%          3
d - Flame Wave            Conj/Fire      71%        2d16      1%          4
e - Shock                 Conj/Air       100%       1d9       1%          1
f - Searing Ray           Conj           100%       2d8       1%          2
g - Stone Arrow           Conj/Erth      68%        3d11      1%          3

Your spell library contained the following spells:

 Spells                   Type           Power      Damage    Failure   Level
 Magic Dart               Conj           100%       1d8       1%          1
 Sandblast                Erth           38%        2d10      1%          1
 Static Discharge         Conj/Air       62%        2-5/arc   1%          2
 Dazzling Flash           Conj/Hex       62%        N/A       1%          3
 Hailstorm                Conj/Ice       31%        3d8       1%          3
 Inner Flame              Hex/Fire       55%        N/A       1%          3
 Freeze                   Ice            48%        1d6       2%          1
 Fulminant Prism          Conj/Hex       15%        3d10      4%          4
 Frozen Ramparts          Ice            24%        1d4       7%          3
 Apportation              Tloc           26%        N/A       9%          1
 Passwall                 Tmut/Erth      13%        N/A       10%         2
 Blink                    Tloc           26%        N/A       13%         2
 Arcjolt                  Conj/Air       15%        1d25      13%         5
 Irradiate                Conj/Tmut      15%        3d16      13%         5
 Lightning Bolt           Conj/Air       15%        1d29      13%         5
 Sublimation of Blood     Necr           12%        N/A       14%         2
 Vhi's Electric Charge    Tloc/Air       26%        N/A       26%         3
 Animate Armour           Summ/Erth      32%        N/A       54%         4
 Petrify                  Tmut/Erth      16%        N/A       54%         4
 Animate Dead             Necr           12%        N/A       65%         4
 Manifold Assault         Tloc           13%        N/A       65%         4
 Borgnjor's Vile Clutch   Necr/Erth      8%         N/A       88%         5
 Agony                    Necr           12%        N/A       94%         5
 Silence                  Hex/Air        6%         N/A       94%         5
 Death Channel            Necr           6%         N/A       100%        6
 Storm Form               Tmut/Air       6%         N/A       100%        7
 Lehudib's Crystal Spear  Conj/Erth      17%        10d5      100%        8


Dungeon Overview and Level Annotations

Branches:
Dungeon (12/15)            Temple (1/1) D:6            Lair (0/5) D:9
    Orc (0/2) D:9

Altars:
Ashenzari
Cheibriados
Dithmenos
Fedhas
Gozag
Hepliaklqana
Kikubaaqudgha
Makhleb
Nemelex Xobeh
Okawaru
Qazlal
Ru
Sif Muna
Trog
Uskayaw
Vehumet
Wu Jian
Xom
Yredelemnul

Shops:
D:10 [   D:11 :

Annotations:
D:8 1 runed translucent door, asdu's ghost, novice TrGl


Innate Abilities, Weirdness & Mutations

You sometimes gain a little power by taking damage.
When hurt, damage is shared between your health and your magic reserves.
You regenerate magic rapidly.
When seriously injured, your blood forms thick armour. (AC +9)
Your touch may inflict irresistible damage on your foes.


Message History

You kill the slime creature!
Vehumet accepts your kill.
The flame wave engulfs the slime creature!
The slime creature is almost dead.
The flame wave engulfs the death knight.
The death knight is almost dead.
The flame wave engulfs the gargoyle!
You destroy the gargoyle!
Vehumet accepts your kill.
You feel your power returning.
The flame wave engulfs the kobold!!
You kill the kobold!
Vehumet accepts your kill.
You feel your power returning.
The flame wave engulfs the centaur warrior simulacrum!!
The centaur warrior simulacrum melts!
The centaur warrior simulacrum is severely damaged.
The death knight hits you with a +0 great sword!
* * * LOW HITPOINT WARNING * * *
The slime creature hits you!
* * * LOW HITPOINT WARNING * * *
You feel much better. The death knight closely misses you.
The slime creature hits you but does no damage.
The slime creature attacks as you move away!
The slime creature completely misses you.
The death knight attacks as you move away!
The death knight closely misses you.
The death knight invokes the aid of Yredelemnul against you.
Your body is wracked with pain!
* * * LOW HITPOINT WARNING * * *
The slime creature attacks as you move away!
The slime creature hits you!
* * * LOW HITPOINT WARNING * * *
The slime creature attacks as you move away!
The slime creature closely misses you.
The death knight calls down the wrath of Yredelemnul upon you.
Your body is wracked with pain!
* * * LOW HITPOINT WARNING * * *
As you read the scroll of teleportation, it crumbles to dust.
You feel strangely unstable. The slime creature hits you!
You die...

#. Z).. ... #. #C)
##### #..
##.#)####...#### #.#
#...##.........###.#
#........#.#.......#
###.###p+###.####.##)##
#............#
#......###
#.......J.####
#......'.# +.......@.#
#......#.# #...>.....#
#....††#.# #.........#
#......#.# #........>#
+......#.. #.........+
#......### #.........#
#......# .........#
###'#### ######+### #.#
#.##


You could see a death knight and a slime creature.

Vanquished Creatures
  Harold (D:11)
  A centaur warrior (D:12)
  3 two-headed ogres
  A boulder beetle (D:11)
  A cyclops (D:12)
  Maurice (D:8)
  2 gargoyles
  Psyche (D:8)
  A kobold demonologist (D:12)
  2 trolls
  A polar bear (D:9)
  5 slime creatures (D:12)
  A hornet (D:10)
  Sigmund (D:2)
  A vampire (D:12)
  4 wraiths
  15 yaks
  3 shadows
  2 wyverns
  An unseen horror simulacrum (D:9)
  A steam dragon (D:9)
  Menkaure (D:6)
  2 vampire mosquitoes (D:12)
  An acid dragon (D:10)
  2 water moccasins (D:7)
  3 black bears
  2 orc warriors (D:9)
  An ice beast (D:8)
  A wolf (D:9)
  3 ogres
  5 centaurs
  3 phantoms
  2 kobold brigands
  3 bullfrogs
  Blork the orc (D:6)
  A gnoll sergeant (D:9)
  2 necrophages (D:6)
  3 scorpions
  5 wights (D:7)
  7 killer bees
  2 troll zombies (D:9)
  2 electric eels (D:9)
  6 howler monkeys
  3 jellies
  5 orc priests
  4 hounds
  A gnoll bouda (D:6)
  Jessica (D:2)
  Natasha (twice) (D:2)
  5 iguanas
  12 orc wizards
  Terence (D:2)
  A centaur simulacrum (D:9)
  A kobold zombie (D:9)
  4 ogre zombies (D:9)
  9 gnolls
  7 adders
  6 white imps
  A howler monkey simulacrum (D:9)
  5 ufetubi
  4 worms
  5 dart slugs
  32 orcs
  3 endoplasms
  4 giant cockroaches
  6 goblins
  3 hobgoblins
  20 kobolds
  2 quokkas (D:2)
  5 ball pythons
  5 bats
  5 frilled lizards
  4 goblin zombies (D:9)
  5 hobgoblin zombies (D:9)
  3 orc skeletons (D:9)
  7 orc zombies (D:9)
  6 rats
294 creatures vanquished.

Vanquished Creatures (others)
  698 foxfires
  3 toadstools (D:1)
701 creatures vanquished.

Grand Total: 995 creatures vanquished

Notes
Turn   | Place    | Note
-------+----------+-------------------------------------------
     0 | D:1      | funkygono the Demonspawn Fire Elementalist began the quest
                  | for the Orb.
     0 | D:1      | Reached XP level 1. HP: 13/13 MP: 3/3
  1018 | D:1      | Gained mutation: Your touch may inflict minor irresistible
                  | damage on your foes. [demonic ancestry]
  1018 | D:1      | Reached XP level 2. HP: 18/19 MP: 1/5
  1021 | D:1      | Learned a level 2 spell: Scorch
  1185 | D:2      | Noticed Sigmund
  1327 | D:2      | Noticed Natasha
  1330 | D:2      | Killed Natasha
  1331 | D:2      | Reached XP level 3. HP: 24/24 MP: 1/6
  1335 | D:2      | Learned a level 3 spell: Kindle Blastsparks
  1689 | D:2      | Noticed Natasha
  1694 | D:2      | Killed Natasha
  1695 | D:2      | Gained mutation: When seriously injured, your blood forms
                  | armour. (AC +9) [demonic ancestry]
  1695 | D:2      | Reached XP level 4. HP: 20/30 MP: 1/8
  1783 | D:2      | Reached skill level 3 in Spellcasting
  1973 | D:2      | Noticed Terence
  2002 | D:2      | Killed Terence
  2513 | D:2      | Noticed Jessica
  2520 | D:2      | Killed Jessica
  2521 | D:2      | Reached XP level 5. HP: 35/35 MP: 3/10
  2527 | D:2      | Got Jessica's Secrets of the Tesseract
  2762 | D:2      | Killed Sigmund
  2763 | D:2      | Reached skill level 4 in Spellcasting
  2763 | D:2      | Reached XP level 6. HP: 42/42 MP: 7/12
  4783 | D:4      | Learned a level 4 spell: Flame Wave
  4843 | D:5      | Entered Level 5 of the Dungeon
  4898 | D:5      | Gained mutation: When seriously injured, your blood forms
                  | thick armour. (AC +9) [demonic ancestry]
  4898 | D:5      | Reached XP level 7. HP: 47/47 MP: 9/14
  4968 | D:5      | Reached skill level 5 in Fire Magic
  5154 | D:5      | Reached skill level 5 in Spellcasting
  5766 | D:6      | Noticed Menkaure
  5770 | D:6      | Killed Menkaure
  5840 | D:6      | Gained mutation: You sometimes gain a little power by
                  | taking damage. [demonic ancestry]
  5840 | D:6      | Reached XP level 8. HP: 53/53 MP: 8/16
  6055 | D:6      | Reached skill level 6 in Spellcasting
  6237 | D:6      | Noticed Blork the orc
  6243 | D:6      | Killed Blork the orc
  6537 | D:6      | Reached skill level 1 in Maces & Flails
  6717 | D:6      | Found a staircase to the Ecumenical Temple.
  6784 | Temple   | Entered the Ecumenical Temple
  6823 | Temple   | Became a worshipper of Vehumet
  7257 | D:7      | Reached skill level 1 in Fighting
  7257 | D:7      | Reached skill level 7 in Spellcasting
  7257 | D:7      | Gained mutation: Your touch may inflict irresistible damage
                  | on your foes. [demonic ancestry]
  7257 | D:7      | Reached XP level 9. HP: 57/59 MP: 12/19
  7652 | D:7      | Reached skill level 5 in Conjurations
  7845 | D:7      | Identified the +0 ring mail of Bila {rC+ Str+8 SInv Stlth-}
  8124 | D:7      | Reached skill level 8 in Spellcasting
  8402 | D:8      | Reached * piety under Vehumet
  8402 | D:8      | Offered knowledge of Shock by Vehumet.
  8403 | D:8      | Reached skill level 1 in Armour
  8411 | D:8      | Noticed Psyche
  8538 | D:8      | Gained mutation: You regenerate magic rapidly. [demonic
                  | ancestry]
  8538 | D:8      | Reached XP level 10. HP: 50/66 MP: 17/22
  8541 | D:8      | Killed Psyche
  8688 | D:8      | Noticed Maurice
  8697 | D:8      | Killed Maurice
  8911 | D:8      | Found a runed translucent door.
  8912 | D:8      | Found a shimmering altar of Xom.
  8912 | D:8      | Noticed asdu's ghost (novice TrGl)
  8912 | D:8      | Noticed a +1 long sword of chaos
  8988 | D:8      | Identified the +3 chain mail "Vaiqeheu" {Rampage Dex+3}
  9142 | D:8      | Learned a level 1 spell: Shock
  9193 | D:9      | Reached skill level 9 in Spellcasting
  9294 | D:9      | Reached ** piety under Vehumet
  9344 | D:9      | Offered knowledge of Momentum Strike by Vehumet.
  9411 | D:9      | Found a staircase to the Lair.
  9649 | D:9      | Offered knowledge of Searing Ray by Vehumet.
  9859 | D:9      | Found a staircase to the Orcish Mines.
  9876 | D:9      | Reached *** piety under Vehumet
 10280 | D:9      | Learned a level 2 spell: Searing Ray
 10472 | D:10     | Entered Level 10 of the Dungeon
 10575 | D:10     | Reached XP level 11. HP: 67/72 MP: 16/24
 10814 | D:10     | Found a stormy altar of Qazlal.
 10814 | D:10     | Noticed a two-headed ogre
 10822 | D:10     | Killed a two-headed ogre
 10983 | D:10     | Identified the +0 cloak of the Locust {rF+ Str+2 Int+2}
 11199 | D:10     | Found Geigec's Antique Armour Shoppe.
 11326 | D:10     | Offered knowledge of Fulminant Prism by Vehumet.
 11526 | D:10     | Identified a scroll of acquirement
 11526 | D:10     | Acquired a book of Armaments
 11592 | D:11     | Learned a level 3 spell: Stone Arrow
 11643 | D:11     | Reached skill level 10 in Spellcasting
 11702 | D:11     | Found Huskoan's Vocational Training.
 11805 | D:11     | Noticed Harold
 11825 | D:11     | Killed Harold
 11851 | D:11     | Noticed a two-headed ogre
 11857 | D:11     | Killed a two-headed ogre
 11991 | D:11     | Noticed a boulder beetle
 12002 | D:11     | Killed a boulder beetle
 12003 | D:11     | Reached skill level 10 in Fire Magic
 12275 | D:11     | Reached skill level 1 in Earth Magic
 12515 | D:12     | Reached **** piety under Vehumet
 12783 | D:12     | Noticed a centaur warrior
 12791 | D:12     | Noticed a two-headed ogre
 12791 | D:12     | Noticed a death knight
 12794 | D:12     | Killed a centaur warrior
 12794 | D:12     | Noticed a wizard
 12795 | D:12     | Reached skill level 11 in Spellcasting
 12800 | D:12     | Killed a two-headed ogre
 12801 | D:12     | Gained mutation: When hurt, damage is shared between your
                  | health and your magic reserves. [demonic ancestry]
 12801 | D:12     | Reached XP level 12. HP: 35/80 MP: 21/27
 12806 | D:12     | HP: 3/80 [slime creature (5)]
 12813 | D:12     | Slain by a slime creature

Illustrated notes

Levels and vault maps discovered:
D:1:      minmay_arrival_nine_rooms, layout_basic, minmay_gold_behind_fungi
D:2:      minmay_chambers_of_ones, layout_loops_ring, kennysheep_jessica_study,
          uniq_terence, uniq_sigmund, uniq_natasha
D:3:      layout_basic
D:4:      layout_loops_corners, minmay_crystal_room
D:5:      layout_basic, corexii_corridor_pit
D:6:      layout_rooms, minmay_temple_entry_fiery, kennysheep_generic_room_16,
          uniq_menkaure, uniq_blork_the_orc
D:7:      layout_basic, serial_curves, eino_curves_02, eino_curves_03
D:8:      layout_rooms, ebering_ghost_xom, uniq_maurice, uniq_psyche
D:9:      layout_roguey, lair_entry_dummy, zombieorc1_lemuel, serial_ice,
          serial_ice_o, serial_ice_a, serial_ice_f, serial_ice_n, serial_ice_j
D:10:     layout_loops_ring, nicolae_qazlal_scattered_showers, serial_shops,
          nicolae_shop_statue_plus, grunt_ministairs_10
D:11:     layout_basic, hex_intersection, small_statue_intersection,
          nicolae_shop_vocational, uniq_harold
D:12:     layout_roguey, minmay_pinched_square, uniq_nessos
Temple:   mainiacjoe_temple_circle_huts

Skill      XL: |  1  2  3  4  5  6  7  8  9 10 11 |
---------------+----------------------------------+-----
Fire Magic     | 3 4 5 7 8 9 10 | 10.9
Spellcasting   | 3 4 5 7 8 9 11 | 11.3
Dodging        | 2 3 |  3.9
Conjurations   | 2 3 4 5 7 8 |  8.1
Maces & Flails | 1 |  1.6
Fighting       | 1 2 |  2.5
Armour         | 1 3 4 |  4.8
Earth Magic    | 1 |  1.3
Stealth        | |  1.7

Action                   |  1- 3 |  4- 6 |  7- 9 | 10-12 || total
-------------------------+-------+-------+-------+-------++-------
Melee: Club              |     1 |       |       |       ||     1
       Mace              |     2 |     7 |    11 |       ||    20
       Touch             |       |     1 |     5 |     1 ||     7
       Flail             |       |       |     4 |    16 ||    20
 Cast: Foxfire           |    34 |    94 |   131 |   151 ||   410
       Scorch            |     7 |    15 |    43 |    54 ||   119
       Flame Wave        |       |       |     5 |    28 ||    33
       Stone Arrow       |       |       |       |    16 ||    16
       Searing Ray       |       |       |       |     1 ||     1
       Kindle Blastspark |       |       |       |     1 ||     1
  Use: Scroll            |       |    14 |     9 |     7 ||    30
       Potion            |       |       |       |     4 ||     4
Armor: Robe              |     3 |     6 |     5 |       ||    14
       Ring mail         |       |       |    11 |    41 ||    52
Dodge: Dodged            |     6 |    16 |    35 |   128 ||   185

Table legend: (Time is in decaauts)
 A = Elapsed time spent in this place.
 B = Non-inter-level travel time spent in this place.
 C = Inter-level travel time spent in this place.
 D = Time resting spent in this place.
 E = Time spent auto-exploring this place.
 F = Levels seen in this place.
 G = Mean time per level.
                   A        B        C        D        E       F      G
               +--------+--------+--------+--------+--------+-----+--------+
         Total |  12826 |  12412 |    414 |    288 |  10245 |  13 |  986.6 |
       Dungeon |  12540 |  12155 |    385 |    288 |  10018 |  12 | 1045.0 |
        Temple |    286 |    257 |     29 |      0 |    227 |   1 |  286.0 |
               +--------+--------+--------+--------+--------+-----+--------+

Top non-repeatable levels by time:
     D:2: 1589 daAuts
     D:4: 1323 daAuts
     D:7: 1321 daAuts
     D:9: 1307 daAuts
     D:1: 1243 daAuts
     D:6: 1174 daAuts
    D:10: 1102 daAuts
     D:5: 878 daAuts
    D:11: 850 daAuts
     D:3: 694 daAuts
     D:8: 658 daAuts
    D:12: 397 daAuts
  Temple: 286 daAuts
